 Dungeon Crawl Stone Soup version 0.29-a0-834-g1e95ca9f62 (webtiles) character file.

Game seed: 5714194601943435322

5307 PimpSugar the Magician (level 10, -17/71 HPs)
             Began as a Demonspawn Hedge Wizard on July 13, 2022.
             Was an Elder of Vehumet.
             Demolished by a two-headed ogre
             ... wielding a +0 giant club
              (25 damage)
             ... on level 9 of the Dungeon.
             The game lasted 01:07:24 (11146 turns).

PimpSugar the Magician (Demonspawn Hedge Wizard)   Turns: 11146, Time: 01:07:24

Health: -17/71     AC:  9    Str: 11    XL:     10   Next: 37%
Magic:  1/19       EV: 10    Int: 20    God:    Vehumet [****..]
Gold:   504        SH:  7    Dex: 16    Spells: 1/21 levels left

rFire   . . .      SeeInvis .   p - +4 trident (protect)
rCold   . . .      Faith    .   j - +2 buckler
rNeg    . . .      Spirit   .   F - +0 swamp dragon scales
rPois   +          Reflect  .   c - +1 hat
rElec   .          Harm     .   (no cloak)
rCorr   .          Rampage  .   t - +0 pair of gloves
Will    .....                   (no boots)
Stlth   +.........              (no amulet)
HPRegen 0.21/turn               r - ring of wizardry
MPRegen 0.16/turn               v - +4 ring of protection

@: mighty, very slightly contaminated, unable to drink
A: hooves 2, ignite blood 2, big brain 1, agile 1, deformed body, wild magic 1,
inability to drink while threatened 1
a: Renounce Religion


You were on level 9 of the Dungeon.
You worshipped Vehumet.
Vehumet was greatly pleased with you.
You visited 1 branch of the dungeon, and saw 9 of its levels.

You collected 504 gold pieces.

Inventory:

Hand Weapons
 p - a +4 trident of protection (weapon)
 x - a +2 whip of freezing
 B - a +1 war axe of flaming
 G - a +0 arbalest
 H - a +2 whip of distortion
 I - a +0 dagger of speed
 L - a +0 demon whip of venom
Missiles
 b - 22 poisoned darts
 f - 80 stones
 h - 2 curare-tipped darts
 l - 7 boomerangs (quivered)
 A - a throwing net
Armour
 c - a +1 hat (worn)
 j - a +2 buckler (worn)
 t - a +0 pair of gloves (worn)
 F - +0 swamp dragon scales (worn)
 Q - the +2 ring mail of the Nightingale {rF+ rC- rN++ rCorr}
   (You found it on level 8 of the Dungeon)

   rF:        It protects you from fire.
   rC:        It makes you vulnerable to cold.
   rN:        It greatly protects you from negative energy.
   rCorr:     It protects you from acid and corrosion.
Magical Staves
 o - a staff of poison
Jewellery
 e - a ring of ice
 r - a ring of wizardry (left hand)
 u - a ring of poison resistance
 v - a +4 ring of protection (right hand)
 M - a ring of see invisible
Wands
 m - a wand of roots (10)
 O - a wand of polymorph (10)
Scrolls
 a - a scroll of magic mapping
 i - a scroll of fog
 k - a scroll of amnesia
 n - a scroll of vulnerability
 s - 4 scrolls of teleportation
 w - 5 scrolls of noise
 y - 2 scrolls of immolation
 C - a scroll of poison
 P - a scroll of silence
 R - a scroll of torment {unknown}
Potions
 d - a potion of brilliance
 g - a potion of cancellation {unknown}
 q - 5 potions of flight
 z - 2 potions of attraction {unknown}
 D - a potion of mutation
 E - a potion of degeneration
 N - a potion of curing {unknown}


   Skills:
 + Level 4.1 Fighting
 - Level 1.1 Staves
 - Level 2.0 Dodging
 - Level 2.1 Stealth
 + Level 3.0 Shields
 * Level 6.3 Spellcasting
 * Level 6.1 Conjurations
 + Level 4.1 Summonings
 + Level 4.1 Necromancy
 + Level 3.8 Translocations
 + Level 3.0 Transmutations
 + Level 3.2 Air Magic
 + Level 3.3 Earth Magic
 + Level 3.6 Poison Magic
 + Level 3.9 Evocations


You had one spell level left.
You knew the following spells:

 Your Spells              Type           Power      Damage    Failure   Level
a - Magic Dart            Conj           100%       1d8       1%          1
b - Call Imp              Summ           29%        N/A       5%          2
c - Necrotise             Necr           100%       1d9       4%          1
d - Sandblast             Erth           50%        2d12      1%          1
e - Blink                 Tloc           56%        N/A       6%          2
f - Shock                 Conj/Air       100%       1d9       1%          1
g - Statue Form           Tmut/Erth      16%        N/A       99%         6
h - Apportation           Tloc           56%        N/A       4%          1
v - Lee's Rapid Deconstr  Erth           12%        3d10*     26%         5

Your spell library contained the following spells:

 Spells                   Type           Power      Damage    Failure   Level
 Airstrike                Air            12%        0-5+      12%         4
 Summon Small Mammal      Summ           100%       N/A       4%          1
 Slow                     Hex            32%        N/A       17%         1
 Mephitic Cloud           Conj/Pois/Air  30%        N/A       2%          3
 Conjure Flame            Conj/Fire      24%        6-21      4%          3
 Ignite Poison            Fire/Tmut/Pois 19%        N/A       6%          3
 Vampiric Draining        Necr           29%        2d8       11%         3
 Sticky Flame             Conj/Fire      24%        2d5       13%         4
 Anguish                  Hex/Necr       9%         N/A       52%         4
 Leda's Liquefaction      Hex/Erth       8%         N/A       58%         4
 Agony                    Necr           29%        N/A       58%         5
 Enfeeble                 Hex            4%         N/A       100%        7
 Borgnjor's Revivificati  Necr           14%        N/A       100%        8
 Necromutation            Tmut/Necr      13%        N/A       100%        8
 Death's Door             Necr           14%        N/A       100%        9


Dungeon Overview and Level Annotations

Branches:
Dungeon (9/15)             Temple (0/1) D:7
   Lair: D:8-11         Orc: D:9-12

Altars:
Ashenzari
Gozag
Nemelex Xobeh
Okawaru
Vehumet

Shops:
D:8 [

Annotations:
D:5 2 runed translucent doors, zhov's ghost, novice DsFi


Innate Abilities, Weirdness & Mutations

You have hoof-like feet.
Your demonic aura often causes spilled blood to erupt in flames.
You have an unusually large brain. (Int +2)
You are agile. (Dex +4, Str/Int -1)
Armour fits poorly on your strangely shaped body.
Your spells are a little harder to cast, but a little more powerful.
You occasionally lose the ability to drink potions when taking damage.


Message History

Rocks fall onto you out of nowhere.
Casting: Lee's Rapid Deconstruction (quite dangerous; 26% risk of failure)
Confirm with . or Enter, or press ? or * to list all spells.
You don't have enough magic to cast this spell.
Casting: Lee's Rapid Deconstruction (quite dangerous; 26% risk of failure)
Confirm with . or Enter, or press ? or * to list all spells.
A shadowy apparition takes form in the air.
Reach: p) +4 trident (protect)
Press: ? - help, Dir - move target, f - two-headed ogre
Aim: a two-headed ogre, wielding the +10 dark maul {vorpal} and a +0 dire flail (heavily wounded, ally target, about 22% to evade your +4 trident of protection)
You reach to attack!
You hit the two-headed ogre.
Your weapon exudes an aura of protection.
The two-headed ogre is heavily wounded.
Your shadow imp hits the two-headed ogre.
The two-headed ogre is engulfed in blazing flames.
The two-headed ogre hits you with the +10 dark maul {vorpal}!!!
Ouch! That really hurt!
* * * LOW HITPOINT WARNING * * *
The two-headed ogre hits you but does no damage.
Casting: Call Imp (safe; 5% risk of failure)
Confirm with . or Enter, or press ? or * to list all spells.
You blink.
Found 37 gold pieces.
Your shadow imp barely misses the two-headed ogre.
Aiming: Fastroot
Press: ? - help, Shift-Dir - straight line, f/p - two-headed ogre
Aim: a two-headed ogre, wielding the +10 dark maul {vorpal} and a +0 dire flail (flame, severely wounded, ally target)
The roots erupt in riotous growth!
Roots grab the two-headed ogre.
The grasping roots constrict the two-headed ogre.
The two-headed ogre is engulfed in blazing flames.
Your shadow imp closely misses the two-headed ogre.
The two-headed ogre escapes!
You feel very mighty all of a sudden.
You feel stable enough to blink again.
A cyclops comes into view.
The two-headed ogre attacks as you move away!
The two-headed ogre hits you with a +0 giant club!
You feel threatened and lose the ability to drink potions!
* * * LOW HITPOINT WARNING * * *
The two-headed ogre hits you with a +0 giant club!!
You die...

#.........##.#
#......... #.#
#.#######.
#.#####
#........
#......
#5.......
##.#####
#O...$...
#..#####
#...#.#..
#.......
#O?.!....
########
#@..#.#..
#......C.
#.....$..
#........
#.####### #..
#.. ###


You could see 2 two-headed ogres, a cyclops and a friendly shadow imp
(summoned).

Vanquished Creatures
  2 two-headed ogres (D:9)
  Amaemon (D:8)
  Joseph (D:8)
  An orange demon (D:8)
  Maggie (D:7)
  Prince Ribbit (D:6)
  A wyvern (D:9)
  Eustachio (D:6)
  Menkaure (D:6)
  An orc warrior (D:9)
  A sky beast (D:7)
  An ogre (D:6)
  A black bear (D:5)
  2 centaurs
  A phantom (D:6)
  2 kobold brigands
  2 bullfrogs
  3 wights (D:7)
  3 jellies
  3 orc priests
  4 iguanas
  4 orc wizards
  4 gnolls (D:6)
  2 adders
  3 shadow imps
  A white imp (D:7)
  3 ufetubi
  2 worms
  2 dart slugs (D:1)
  29 orcs
  6 bats
  9 endoplasms
  2 giant cockroaches
  2 goblins
  7 hobgoblins
  2 jackals (D:5)
  A quokka (D:3)
  6 ball pythons
  4 frilled lizards
  13 kobolds
  7 rats
143 creatures vanquished.

Vanquished Creatures (collateral kills)
  A shadow (D:9)
  An orc warrior (D:9)
  A phantom (D:4)
  A necrophage (D:4)
  A gnoll sergeant (D:6)
  An iguana (D:4)
  2 adders
  2 ufetubi (D:5)
  A worm (D:3)
  A dart slug (D:2)
  2 orcs
  A ball python (D:1)
  An endoplasm (D:4)
  2 hobgoblins
  2 jackals (D:1)
  4 kobolds
24 creatures vanquished.

Grand Total: 167 creatures vanquished

Notes
Turn   | Place    | Note
-------+----------+-------------------------------------------
     0 | D:1      | PimpSugar the Demonspawn Hedge Wizard began the quest for
                  | the Orb.
     0 | D:1      | Reached XP level 1. HP: 13/13 MP: 4/4
   221 | D:1      | Reached skill level 1 in Translocations
   243 | D:1      | Gained mutation: Your demonic aura sometimes causes spilled
                  | blood to erupt in flames. [demonic ancestry]
   243 | D:1      | Reached XP level 2. HP: 17/19 MP: 0/6
   358 | D:1      | Learned a level 2 spell: Call Imp
  1618 | D:2      | Gained mutation: You have large cloven feet. [demonic
                  | ancestry]
  1618 | D:2      | Reached XP level 3. HP: 20/25 MP: 4/7
  1684 | D:2      | Learned a level 1 spell: Necrotise
  1777 | D:2      | Found a faded altar of an unknown god.
  1832 | D:2      | Prayed at the altar of an unknown god.
  1832 | D:2      | Became a worshipper of Vehumet
  1832 | D:2      | Reached * piety under Vehumet
  1832 | D:2      | Offered knowledge of Sandblast by Vehumet.
  1835 | D:2      | Learned a level 1 spell: Sandblast
  2365 | D:2      | Reached skill level 1 in Fighting
  2871 | D:2      | Learned a level 2 spell: Blink
  2933 | D:3      | Reached XP level 4. HP: 28/32 MP: 2/9
  3430 | D:3      | Found an opulent altar of Gozag.
  3431 | D:3      | Found a broken altar of Ashenzari.
  3435 | D:3      | Found an iron altar of Okawaru.
  4145 | D:4      | Noticed a phantom
  4171 | D:4      | Offered knowledge of Shock by Vehumet.
  4172 | D:4      | Killed a phantom
  4173 | D:4      | Gained mutation: You have an unusually large brain. (Int
                  | +2) [demonic ancestry]
  4173 | D:4      | Reached XP level 5. HP: 21/37 MP: 2/10
  4176 | D:4      | Learned a level 1 spell: Shock
  4177 | D:4      | Reached ** piety under Vehumet
  4226 | D:4      | Reached skill level 1 in Necromancy
  4525 | D:4      | Reached skill level 1 in Earth Magic
  4525 | D:4      | Gained mutation: You have hoof-like feet. [demonic
                  | ancestry]
  4525 | D:4      | Reached XP level 6. HP: 41/43 MP: 0/11
  4548 | D:4      | Reached skill level 1 in Evocations
  5165 | D:5      | Entered Level 5 of the Dungeon
  5266 | D:5      | Reached skill level 1 in Staves
  5272 | D:5      | Reached skill level 1 in Poison Magic
  5288 | D:5      | Found a sparkling altar of Nemelex Xobeh.
  5351 | D:5      | Found a large runed translucent door.
  5352 | D:5      | Found a large runed translucent door.
  5356 | D:5      | Noticed zhov's ghost (novice DsFi)
  5455 | D:5      | Reached skill level 1 in Air Magic
  5455 | D:5      | Reached XP level 7. HP: 49/49 MP: 4/13
  5554 | D:5      | Learned a level 6 spell: Statue Form
  6136 | D:6      | Noticed Eustachio
  6149 | D:6      | Killed Eustachio
  6224 | D:6      | Noticed Menkaure
  6232 | D:6      | Killed Menkaure
  6389 | D:6      | Offered knowledge of Frozen Ramparts by Vehumet.
  6407 | D:6      | Reached XP level 8. HP: 55/56 MP: 8/14
  6476 | D:6      | Noticed Prince Ribbit
  6485 | D:6      | Killed Prince Ribbit
  6486 | D:6      | Reached skill level 1 in Shields
  6486 | D:6      | Reached skill level 1 in Transmutations
  6568 | D:6      | Reached *** piety under Vehumet
  7358 | D:6      | Learned a level 1 spell: Apportation
  7416 | D:7      | Noticed Maggie
  7429 | D:7      | Reached skill level 5 in Spellcasting
  7430 | D:7      | Killed Maggie
  7465 | D:7      | Gained mutation: Your spells are a little harder to cast,
                  | but a little more powerful. [potion of mutation]
  7465 | D:7      | Gained mutation: You occasionally lose the ability to drink
                  | potions when taking damage. [potion of mutation]
  7465 | D:7      | Gained mutation: Armour fits poorly on your strangely
                  | shaped body. [potion of mutation]
  7465 | D:7      | Gained mutation: You are agile. (Dex +4, Str/Int -1)
                  | [potion of mutation]
  7696 | D:7      | Gained mutation: Your demonic aura often causes spilled
                  | blood to erupt in flames. [demonic ancestry]
  7696 | D:7      | Reached XP level 9. HP: 63/63 MP: 13/16
  7714 | D:7      | Offered knowledge of Airstrike by Vehumet.
  8092 | D:7      | Found a staircase to the Ecumenical Temple.
  8380 | D:8      | Noticed Amaemon
  8467 | D:8      | Found Huk Baf's Antique Armour Boutique.
  8573 | D:8      | Noticed an orange demon
  8603 | D:8      | Killed Amaemon
  8603 | D:8      | Killed an orange demon
  8604 | D:8      | Reached skill level 5 in Conjurations
  8991 | D:8      | Identified the +2 ring mail of the Nightingale {rF+ rC-
                  | rN++ rCorr}
  9040 | D:8      | Noticed Joseph
  9074 | D:8      | Killed Joseph
  9703 | D:9      | Noticed a two-headed ogre
  9718 | D:9      | Killed a two-headed ogre
  9719 | D:9      | Reached XP level 10. HP: 54/71 MP: 14/19
  9736 | D:9      | Learned a level 5 spell: Lee's Rapid Deconstruction
  9818 | D:9      | Reached **** piety under Vehumet
 11049 | D:9      | Noticed a two-headed ogre
 11057 | D:9      | Killed a two-headed ogre
 11134 | D:9      | Noticed a two-headed ogre
 11134 | D:9      | Noticed a two-headed ogre
 11144 | D:9      | Noticed a cyclops
 11146 | D:9      | Demolished by a two-headed ogre

Illustrated notes

Levels and vault maps discovered:
D:1:      amcnicky_arrival_gap_in_the_tavern_cellar, layout_basic
D:2:      layout_basic, shapermc_ecumenical_altar_totnotflames
D:3:      layout_loops_corners, minitemple
D:4:      layout_cave_pools
D:5:      layout_cave_pools, nemelex_xobeh_ov_fountains_minmay,
          ebering_ghost_disaster_area
D:6:      layout_basic, grunt_decor_clamped, uniq_prince_ribbit1, uniq_menkaure,
          uniq_eustachio
D:7:      layout_rooms, minmay_temple_entry_proselytizer,
          minmay_misc_feat_encased, uniq_maggie
D:8:      layout_layer_cave, serial_shops, shop, uniq_amaemon, uniq_joseph
D:9:      layout_loops_ring, grunt_decor_mini_mirrors,
          hellmonk_guarded_unrand_dark_maul

Skill      XL: |  1  2  3  4  5  6  7  8  9 10 |
---------------+-------------------------------+-----
Translocations | 1 2 3 |  3.8
Stealth        | 2 |  2.1
Dodging        | 2 |  2.0
Fighting       | 1 2 3 4 |  4.1
Conjurations   | 2 3 4 5 6 |  6.1
Necromancy     | 1 2 3 4 |  4.1
Earth Magic    | 1 2 3 |  3.3
Evocations     | 1 2 3 |  3.9
Summonings     | 2 3 4 |  4.1
Staves         | 1 |  1.1
Spellcasting   | 4 5 6 |  6.3
Poison Magic   | 1 2 3 |  3.6
Air Magic      | 1 2 3 |  3.2
Shields        | 1 2 3 |  3.0
Transmutations | 1 2 3 |  3.0

Action                   |  1- 3 |  4- 6 |  7- 9 | 10-12 || total
-------------------------+-------+-------+-------+-------++-------
Melee: Dagger            |    61 |       |       |       ||    61
       Kick              |     6 |    27 |    27 |     9 ||    69
       Staff             |       |    55 |       |       ||    55
       Trident           |       |    10 |   119 |    27 ||   156
Throw: Stone             |     6 |       |       |       ||     6
       Boomerang         |     8 |     4 |     1 |     1 ||    14
 Cast: Magic Dart        |    43 |    50 |    34 |    10 ||   137
       Call Imp          |    10 |    10 |    26 |    16 ||    62
       Necrotise         |    17 |     6 |     6 |     1 ||    30
       Sandblast         |    12 |       |    13 |     7 ||    32
       Shock             |       |     7 |    44 |    13 ||    64
       Blink             |       |       |     1 |     1 ||     2
       Lee's Rapid Decon |       |       |       |     9 ||     9
Evoke: Wand              |       |     2 |    11 |     2 ||    15
  Use: Scroll            |     8 |     7 |     3 |     2 ||    20
       Potion            |     1 |     4 |     5 |     2 ||    12
 Stab: Sleeping          |     1 |       |     1 |       ||     2
Armor: Robe              |    26 |     1 |       |       ||    27
       Leather armour    |       |    33 |    76 |       ||   109
       Swamp dragon scal |       |       |    14 |    14 ||    28
Dodge: Dodged            |    79 |    38 |   123 |    21 ||   261
Block: Buckler           |    17 |    18 |    62 |    19 ||   116

Table legend: (Time is in decaauts)
 A = Elapsed time spent in this place.
 B = Non-inter-level travel time spent in this place.
 C = Inter-level travel time spent in this place.
 D = Time resting spent in this place.
 E = Time spent auto-exploring this place.
 F = Levels seen in this place.
 G = Mean time per level.
                   A        B        C        D        E       F      G
               +--------+--------+--------+--------+--------+-----+--------+
         Total |  11269 |  10613 |    656 |   1963 |   5915 |   9 | 1252.1 |
       Dungeon |  11269 |  10613 |    656 |   1963 |   5915 |   9 | 1252.1 |
               +--------+--------+--------+--------+--------+-----+--------+

Top non-repeatable levels by time:
     D:1: 1606 daAuts
     D:9: 1466 daAuts
     D:6: 1351 daAuts
     D:8: 1288 daAuts
     D:3: 1282 daAuts
     D:2: 1279 daAuts
     D:7: 1068 daAuts
     D:4: 1040 daAuts
     D:5: 884 daAuts
